 Dungeon Crawl Stone Soup version 0.30.0-19-g36f170ea60 (webtiles) character file.

Game seed: 1054752744993718865

162 tizbic2 the Gusty (level 5, -5/37 HPs)
             Began as a Demonspawn Air Elementalist on May 30, 2023.
             Slain by a sleepcap (9 damage)
             ... on level 4 of the Dungeon.
             The game lasted 00:12:19 (2885 turns).

tizbic2 the Gusty (Demonspawn Air Elementalist)     Turns: 2885, Time: 00:12:20

Health: -5/37      AC:  3    Str:  8    XL:     5   Next: 19%
Magic:  1/9        EV:  2    Int: 19    God:
Gold:   207        SH:  0    Dex: 13    Spells: 4/9 levels left

rFire   . . .        k - staff of conjuration
rCold   . . .        (no shield)
rNeg    . . .        m - +0 animal skin
rPois   .            (no helmet)
rElec   .            b - +0 cloak
rCorr   .            (no gloves)
SInv    .            (no boots)
Will    .....        (no amulet)
Stlth   ++           (no ring)
HPRegen 0.26/turn    (no ring)
MPRegen 0.11/turn

%: no passive effects
@: sleeping
A: hooves 1, foul stench 1
a: no special abilities


You were on level 4 of the Dungeon.
You visited 1 branch of the dungeon, and saw 4 of its levels.

You collected 207 gold pieces.

Inventory:

Hand Weapons
 e - a +1 dagger
Armour
 b - a +0 cloak (worn)
 m - a +0 animal skin (worn)
Magical Staves
 i - a staff of death
 k - a staff of conjuration (weapon)
Wands
 l - a wand of flame (15)
Scrolls
 a - a scroll of amnesia {unknown}
Potions
 d - a potion of brilliance
 f - 3 potions of heal wounds
 g - a potion of curing
 h - a potion of degeneration {unknown}


   Skills:
 + Level 1.1 Fighting
 * Level 2.1 Staves
 - Level 1.8 Dodging
 - Level 1.8 Stealth
 + Level 2.7 Spellcasting
 * Level 2.3 Conjurations
 + Level 3.1 Air Magic
 + Level 1.3 Evocations


You had 4 spell levels left.
You knew the following spells:

 Your Spells              Type           Power      Damage    Failure   Level
a - Shock                 Conj/Air       76%        1d7       4%          1
b - Airstrike             Air            7%         2d(1-17)  38%         4

Your spell library contained the following spells:

 Spells                   Type           Power      Damage    Failure   Level
 Static Discharge         Conj/Air       38%        2-4/arc   8%          2
 Swiftness                Air            14%        N/A       13%         3


Dungeon Overview and Level Annotations

Branches:
Dungeon (4/15)
 Temple: D:4-7

Altars:
Gozag


Innate Abilities, Weirdness & Mutations

You have large cloven feet.
You may rarely emit foul miasma when damaged in melee.


Message History

You are too injured to fight recklessly!
You are too injured to fight recklessly!
Casting: Shock (safe; 4% risk of failure)
Confirm with . or Enter, or press ? or * to list all spells.
Aiming: Shock (safe; 4% risk of failure)
Press: ? - help, Shift-Dir - straight line, f/p - sleepcap
Aim: a sleepcap (heavily damaged, 100% to hit)
You feel a surge of power!
The zap hits the sleepcap.
The sleepcap is severely damaged.
The sleepcap closely misses you.
Casting: Shock (safe; 4% risk of failure)
Confirm with . or Enter, or press ? or * to list all spells.
Aiming: Shock (safe; 4% risk of failure)
Press: ? - help, Shift-Dir - straight line, f/p - sleepcap
Aim: a sleepcap (severely damaged, 100% to hit)
You feel a surge of power!
The zap hits the sleepcap but does no damage.
The sleepcap is severely damaged.
The sleepcap releases spores at you.
* * * LOW HITPOINT WARNING * * *
Casting: Shock (safe; 4% risk of failure)
Confirm with . or Enter, or press ? or * to list all spells.
Aiming: Shock (safe; 4% risk of failure)
Press: ? - help, Shift-Dir - straight line, f/p - sleepcap
Aim: a sleepcap (severely damaged, 100% to hit)
You feel a surge of power!
The zap hits the sleepcap.
The sleepcap is severely damaged.
The sleepcap barely misses you.
You hit the sleepcap but do no damage.
You kick the sleepcap, but do no damage.
The sleepcap is severely damaged.
The sleepcap barely misses you.
You hit the sleepcap but do no damage.
The sleepcap is severely damaged.
The sleepcap releases spores at you.
* * * LOW HITPOINT WARNING * * *
You are engulfed in a cloud of soporific spores!
You fall asleep.
The sleepcap releases spores at you!
You die...

#....)..# .# #.......# .#
##.......# ..# #........#
..# #........#...## .
#........#..... ...
#######.........
.....#####....####.######
.......f@...........#
..##.##.......####..#
#.......# #### #.......#
#.....### #.....# #######


You could see a sleepcap.

Vanquished Creatures
  Ijyb (D:3)
  Robin (D:3)
  3 adders
  A worm (D:3)
  10 orcs (D:3)
  7 ball pythons
  14 bats
  9 endoplasms
  4 giant cockroaches
  4 goblins
  10 hobgoblins
  7 kobolds
  2 quokkas
  3 frilled lizards
  5 rats
81 creatures vanquished.

Notes
Turn   | Place    | Note
-------+----------+-------------------------------------------
     0 | D:1      | tizbic2 the Demonspawn Air Elementalist began the quest for
                  | the Orb.
     0 | D:1      | Reached XP level 1. HP: 13/13 MP: 3/3
   197 | D:1      | Gained mutation: You may rarely emit foul miasma when
                  | damaged in melee. [demonic ancestry]
   197 | D:1      | Reached XP level 2. HP: 19/19 MP: 5/5
   485 | D:1      | Reached skill level 1 in Staves
   539 | D:1      | Reached XP level 3. HP: 24/24 MP: 4/6
  1434 | D:2      | Found a faded altar of an unknown god.
  1597 | D:2      | Reached skill level 3 in Air Magic
  1603 | D:2      | Reached skill level 1 in Evocations
  1650 | D:2      | Reached XP level 4. HP: 30/30 MP: 4/7
  1657 | D:2      | Learned a level 4 spell: Airstrike
  1746 | D:3      | Noticed Ijyb
  1747 | D:3      | Noticed Robin
  1754 | D:3      | Killed Robin
  1872 | D:3      | Killed Ijyb
  1997 | D:3      | Found an opulent altar of Gozag.
  2379 | D:3      | Reached skill level 1 in Fighting
  2379 | D:3      | Gained mutation: You have large cloven feet. [demonic
                  | ancestry]
  2379 | D:3      | Reached XP level 5. HP: 26/37 MP: 6/9
  2885 | D:4      | Slain by a sleepcap

Illustrated notes

Levels and vault maps discovered:
D:1:      psy_arrival_conway, layout_basic, serial_corexii_hall,
          corexii_hall_statues_x, corexii_hall_statues_i, minmay_pentomino_w4
D:2:      layout_rooms, ebering_ecumenical_altar_rust
D:3:      wad_lake_hut, layout_rooms, amcnicky_altar_gilded, nicolae_goblin_pals
D:4:      layout_basic, minmay_temple_entry_wispy, serial_aquarium,
          aquarium_bridge_square [aquarium_subvault_bridge,
          aquarium_subvault_wall, aquarium_subvault_wall,
          aquarium_subvault_wall], aquarium_window_corner, aquarium_window_fake,
          aquarium_window_fake, aquarium_window_1, aquarium_view_2d,
          aquarium_view_2g, aquarium_balcony_double_4, aquarium_pool_four,
          minmay_gold_behind_fungi, uniq_duvessa

Skill      XL: |  1  2  3  4 |
---------------+-------------+-----
Staves         | 1 2 |  2.1
Air Magic      | 3 |  3.1
Evocations     | 1 |  1.3
Conjurations   | 2 |  2.3
Fighting       | 1 |  1.1
Dodging        | |  1.8
Stealth        | |  1.8
Spellcasting   | |  2.7

Action                     |  1- 3 |  4- 6 || total
---------------------------+-------+-------++-------
  Melee: Unarmed           |    23 |       ||    23
         Short sword       |    10 |       ||    10
         Dagger            |    31 |       ||    31
         Punch             |     2 |       ||     2
         Staff             |    39 |    55 ||    94
         Kick              |       |     3 ||     3
   Cast: Shock             |    58 |    72 ||   130
    Use: Scroll            |     5 |     4 ||     9
         Potion            |     1 |     1 ||     2
   Stab: Sleeping          |     1 |       ||     1
 Armour: Robe              |    38 |     4 ||    42
         Animal skin       |       |     4 ||     4
  Dodge: Dodged            |   109 |    55 ||   164
